 Dungeon Crawl Stone Soup version 0.22-a0-293-gc9362ec (webtiles) character file.

75 matakusis the Caller (level 4, 0/24 HPs)
             Began as a Deep Elf Summoner on Mar 24, 2018.
             Slain by a gnoll
             ... wielding a +0 halberd
              (6 damage)
             ... on level 3 of the Dungeon.
             The game lasted 00:09:31 (2566 turns).

matakusis the Caller (Deep Elf Summoner)            Turns: 2566, Time: 00:09:31

Health: 0/24       AC:  6    Str:  3 (5)  XL:     4   Next: 11%
Magic:  10/12      EV: 13    Int: 19 (21) God:
Gold:   135        SH:  0    Dex: 13 (15) Spells: 0/11 levels left

rFire    . . .     SeeInvis .   k - +4 quarterstaff (chaos)
rCold    + . .     Gourm    .   (shield currently unavailable)
rNeg     . . .     Faith    .   a - +1 robe
rPois    .         Spirit   .   (no helmet)
rElec    .         Reflect  .   l - +1 cloak
rCorr    .         Harm     .   (no gloves)
MR       .....                  h - +0 pair of boots
Stlth    ++........             (no amulet)
HPRegen  0.08/turn              m - ring of protection from cold
MPRegen  0.13/turn              (no ring)

@: no status effects
A: no striking features
a: no special abilities


You were on level 3 of the Dungeon.
You were not hungry.

You visited 1 branch of the dungeon, and saw 3 of its levels.

You collected 135 gold pieces.

Inventory:

Hand Weapons
 k - a +4 quarterstaff of chaos (weapon)
Armour
 a - a +1 robe (worn)
 h - a +0 pair of boots (worn)
 l - a +1 cloak (worn)
Jewellery
 m - a ring of protection from cold (left hand)
Wands
 f - a wand of random effects (21)
Scrolls
 b - 3 scrolls of identify
 d - 2 scrolls of magic mapping {unknown}
 e - a scroll of enchant armour
 g - a scroll of remove curse
Potions
 i - a potion of berserk rage {unknown}
Comestibles
 c - 5 rations
 j - 3 chunks of flesh


   Skills:
 - Level 2.4 Dodging
 - Level 2.4 Stealth
 + Level 4.1 Spellcasting
 * Level 5.7 Summonings


You couldn't memorise any spells.
You knew the following spells:

 Your Spells              Type           Power        Failure   Level  Hunger
a - Summon Small Mammal   Summ           ####         1%          1    None
b - Call Imp              Summ           ####....     1%          2    ##.....
c - Summon Ice Beast      Ice/Summ       ##......     38%         4    ####...
d - Summon Lightning Spi  Summ/Air       ##......     38%         4    ####...


Dungeon Overview and Level Annotations

Branches:
Dungeon (3/15)

Altars:
Xom


Message History

Your iron imp closely misses the gnoll.
Your white imp hits the gnoll but does no damage.
Something misses your crimson imp.
Your white imp barely misses the gnoll.
Your iron imp hits the gnoll but does no damage.
A gnoll comes into view. It is wielding a short sword.
The gnoll barely misses you.
Your white imp gestures at the gnoll.
The puff of frost hits the gnoll.
The gnoll hits your white imp but does no damage.
The gnoll hits you from afar with a halberd!
* * * LOW HITPOINT WARNING * * *
Your white imp hits the gnoll but does no damage.
The gnoll closely misses your crimson imp.
Your crimson imp blinks!
Your iron imp misses the gnoll.
The gnoll closely misses your white imp.
Your white imp closely misses the gnoll.
The gnoll hits you from afar with a halberd.
You die...

# .#..###.... ##
.....(..#5## ..
>####....... ..g
. ...##..# .# ..
. ##.....# #.#
#.## .#
###.#.##..#
#.g##.## #......#
#.5g..# #......#
#..g#.# #......#
###@#5# ##.....#
#)..#.# ##.....#
#.###.#
###......# #.#...
#...#....####.#.#
#.###.....##....#
#.. #.....##..###
#. #.........#
##.#....###


You could see 4 gnolls, a friendly crimson imp and a friendly white imp.

Vanquished Creatures
  A leopard gecko (D:2)
  An orc (D:3)
  A quokka (D:3)
  A rat (D:3)
4 creatures vanquished.

Vanquished Creatures (collateral kills)
  Crazy Yiuf (D:2)
  A gnoll (D:1)
  4 adders (D:2)
  A worm (D:3)
  3 dart slugs (D:1)
  A leopard gecko (D:1)
  2 bats
  4 giant cockroaches
  5 goblins
  2 hobgoblins
  2 jackals (D:1)
  A frilled lizard (D:2)
  8 kobolds
  9 rats
  3 fungi (D:2)
47 creatures vanquished.

Grand Total: 51 creatures vanquished

Notes
Turn   | Place    | Note
-------+----------+-------------------------------------------
     0 | D:1      | matakusis the Deep Elf Summoner began the quest for the Orb.
     0 | D:1      | Reached XP level 1. HP: 10/10 MP: 6/6
   499 | D:1      | Reached XP level 2. HP: 15/15 MP: 2/8
   562 | D:1      | Learned a level 2 spell: Call Imp
   688 | D:1      | Reached skill level 5 in Summonings
  1358 | D:2      | Found a shimmering altar of Xom.
  1404 | D:2      | Reached XP level 3. HP: 19/19 MP: 5/10
  1560 | D:2      | Found a runed door.
  2378 | D:2      | Noticed Crazy Yiuf
  2386 | D:2      | Killed Crazy Yiuf
  2420 | D:3      | Reached XP level 4. HP: 24/24 MP: 4/12
  2426 | D:3      | Learned a level 4 spell: Summon Ice Beast
  2431 | D:3      | Learned a level 4 spell: Summon Lightning Spire
  2566 | D:3      | Slain by a gnoll

Vault maps used:
D:1:      evilmike_arrival_fibonacci_small
D:2:      old_standard_altar, first_ration, uniq_crazy_yiuf_cottage

Skill      XL: |  1  2  3 |
---------------+----------+-----
Summonings     | 5 |  5.7
Spellcasting   | 4 |  4.1
Dodging        | |  2.4
Stealth        | |  2.4

Action                   |  1- 3 |  4- 6 || total
-------------------------+-------+-------++-------
Melee: Unarmed           |    14 |       ||    14
       Quarterstaff      |     1 |     2 ||     3
 Cast: Summon Small Mamm |    26 |       ||    26
       Call Imp          |    47 |     6 ||    53
  Use: Potion            |     4 |       ||     4
       Scroll            |     4 |       ||     4
  Eat: Chunk             |     6 |     1 ||     7
Armor: Robe              |     6 |     1 ||     7
Dodge: Dodged            |    24 |     2 ||    26

Table legend:
 A = Spawn XP
 B = Non-spawn XP
 C = Spawn XP percentage of total XP
 D = Spawn monster count
 E = Non-spawn monster count
 F = Spawn count percentage of total count
 G = Total turns spent on level
                    A         B        C        D         E        F      G
               +---------+---------+-------+---------+---------+-------+---------
         Total |       0 |     108 |   0.0 |       0 |      48 |   0.0 |  2566
               +---------+---------+-------+---------+---------+-------+---------
           D:1 |       0 |      29 |   0.0 |       0 |      19 |   0.0 |  1228
           D:2 |       0 |      66 |   0.0 |       0 |      21 |   0.0 |  1190
           D:3 |       0 |      13 |   0.0 |       0 |       8 |   0.0 |   148
               +---------+---------+-------+---------+---------+-------+---------
